 Dungeon Crawl Stone Soup version 0.22.1-1-ga44c0e5 (webtiles) character file.

5800 tifemel the Archer (level 10, 0/91 HPs)
             Began as a Centaur Hunter on Sept 28, 2018.
             Was an Elder of Okawaru.
             Slain by a hornet (7 damage)
             ... on level 1 of the Lair of Beasts on Sept 30, 2018.
             The game lasted 00:58:46 (16487 turns).

tifemel the Archer (Centaur Hunter)                Turns: 16487, Time: 00:58:48

Health: 0/91       AC:  6    Str: 17    XL:     10   Next: 50%
Magic:  8/10       EV: 12    Int: 10    God:    Okawaru [****..]
Gold:   402        SH:  0    Dex: 11    Spells: 9/9 levels left

rFire    . . .     SeeInvis .   a - +1 shortbow
rCold    . . .     Gourm    .   (shield currently unavailable)
rNeg     + . .     Faith    .   c - +0 leather armour
rPois    .         Spirit   .   (no helmet)
rElec    .         Reflect  .   G - +0 cloak
rCorr    .         Harm     .   (no gloves)
MR       .....                  (no barding)
Stlth    +++.......             (no amulet)
HPRegen  0.25/turn              h - ring of positive energy
MPRegen  0.12/turn              y - ring of stealth

@: lethally poisoned (0 -> -17), heroism, slowed
A: large, hooves 3, deformed body, speed 2, tough skin 3
a: Heroism, Renounce Religion


You were on level 1 of the Lair of Beasts.
You worshipped Okawaru.
Okawaru was greatly pleased with you.
You were not hungry.

You visited 2 branches of the dungeon, and saw 10 of its levels.

You collected 560 gold pieces.
You spent 158 gold pieces at shops.

Inventory:

Hand Weapons
 a - a +1 shortbow (weapon)
 b - a +0 short sword
Missiles
 u - 74 arrows (quivered)
Armour
 c - a +0 leather armour (worn)
 G - a +0 cloak (worn)
Jewellery
 e - an uncursed ring of ice {unknown}
 h - a ring of positive energy (left hand)
 l - an uncursed ring of magical power
 y - a ring of stealth (right hand)
Wands
 z - a wand of polymorph (4)
 H - a wand of flame (25)
Scrolls
 i - 2 scrolls of enchant weapon {unknown}
 j - 4 scrolls of remove curse
 k - 2 scrolls of magic mapping {unknown}
 p - a scroll of summoning {unknown}
 q - 2 scrolls of teleportation
 s - a scroll of amnesia {unknown}
 w - 3 scrolls of enchant armour {unknown}
 x - a scroll of blinking {unknown}
 C - a scroll of torment {unknown}
 D - 2 scrolls of acquirement {unknown}
 E - 3 scrolls of fog
 F - a scroll of fear {unknown}
Potions
 d - 3 potions of ambrosia
 g - 2 potions of curing
 m - 3 potions of agility {unknown}
 n - a potion of cancellation {unknown}
 o - 2 potions of resistance {unknown}
 t - a potion of might {unknown}
 v - 4 potions of degeneration {unknown}
 A - a potion of flight {unknown}
 B - a potion of haste {unknown}
Comestibles
 f - 15 rations


   Skills:
 + Level 9.4(14.4) Fighting
 + Level 12.7(17.7) Bows
 - Level 1.3(6.3) Dodging
 - Level 0.4(5.4) Stealth
 + Level 9.1(14.1) Unarmed Combat


You had 9 spell levels left.
You didn't know any spells.
Your spell library was empty.

Dungeon Overview and Level Annotations

Branches:
Dungeon (9/15)             Temple (0/1) D:7            Lair (1/6) D:9
    Orc: D:9-12

Altars:
Gozag
Okawaru
Sif Muna
Trog
Uskayaw
Yredelemnul
Zin
The Shining One

Shops:
D:5 *   D:9 *(


Innate Abilities, Weirdness & Mutations

You have hooves in place of feet.
Armour fits poorly on your strangely shaped body.
You cover ground very quickly.
You have extremely tough skin. (AC +3)


Message History

You feel sick.
You feel sick. The hornet stings you!
* * * LOW HITPOINT WARNING * * *
You feel as though you will be slow longer.
You feel sick. The hornet stings you.
* * * LOW HITPOINT WARNING * * *
You are more poisoned.
You suddenly lose the ability to move!
You can move again.
You feel better. The hornet closely misses you. The hornet stings you!
* * * LOW HITPOINT WARNING * * *
You are poisoned.
You feel as though you will be slow longer.
You gain the combat prowess of a mighty hero.
You feel sick. The hornet stings you!
* * * LOW HITPOINT WARNING * * *
You are lethally poisoned!
You feel as though you will be slow longer.
The hornet stings you!
You die...

................## #
.................# #
................#
................# #
................# #
##..............# #
#..........)....## #
......(.....y....# #
........#####@.#.# # ........#
#..# # ### ........# ##..# ###
####.. ..(.....#
#...#####.####.##.. (........
##.................
(.......#####.................
......................#
.##.#P..#.#.####....#.#
###P..####.###....#.#


You could see a hornet.

Vanquished Creatures
  A two-headed ogre (D:8)
  Pikel (D:6)
  A komodo dragon (Lair:1)
  Prince Ribbit (D:7)
  2 hippogriffs
  2 wyverns
  Eustachio (D:6)
  3 wargs
  Duvessa (D:4)
  A porcupine (Lair:1)
  The ghost of Jaiteiro the Sneak, an amateur SpEn of Vehumet (D:3)
  3 slaves (D:6)
  2 sky beasts
  4 ogres
  A centaur (D:8)
  2 big kobolds (D:3)
  3 bullfrogs
  A scorpion (D:9)
  Dowan (D:4)
  3 killer bees (D:9)
  2 howler monkeys (D:9)
  A jelly (D:8)
  3 crimson imps
  6 hounds
  A bullfrog zombie (D:8)
  8 orc priests
  Crazy Yiuf (D:7)
  A bullfrog skeleton (D:9)
  5 iguanas
  9 orc wizards
  A centaur skeleton (D:3)
  2 worker ants
  A killer bee zombie (D:8)
  A howler monkey zombie (D:9)
  A worker ant zombie (D:5)
  14 gnolls
  6 adders
  2 shadow imps
  2 oozes
  A worm (D:3)
  5 dart slugs
  8 leopard geckos
  31 orcs
  11 giant cockroaches
  29 goblins
  34 hobgoblins
  14 jackals
  10 kobolds
  7 quokkas
  2 ball pythons
  7 bats
  A frilled lizard (D:1)
  A quokka skeleton (D:9)
  11 rats
  A plant (D:9)
275 creatures vanquished.

Notes
Turn   | Place    | Note
-------+----------+-------------------------------------------
     0 | D:1      | tifemel the Centaur Hunter began the quest for the Orb.
     0 | D:1      | Reached XP level 1. HP: 17/17 MP: 1/1
   313 | D:1      | Reached XP level 2. HP: 15/24 MP: 2/2
   481 | D:1      | Reached skill level 1 in Unarmed Combat
  1005 | D:1      | Reached XP level 3. HP: 21/30 MP: 3/3
  1574 | D:1      | Reached skill level 6 in Bows
  1768 | D:2      | Reached XP level 4. HP: 18/38 MP: 4/4
  2993 | D:3      | Reached XP level 5. HP: 38/45 MP: 5/5
  3360 | D:3      | Found a runed door.
  3360 | D:3      | Noticed Jaiteiro's ghost (amateur SpEn)
  3452 | D:3      | Killed Jaiteiro's ghost
  3452 | D:3      | Reached skill level 7 in Bows
  3748 | D:3      | Reached XP level 6. HP: 52/52 MP: 6/6
  3907 | D:3      | Found a runed door.
  5287 | D:3      | Reached XP level 7. HP: 36/60 MP: 7/7
  5533 | D:3      | Reached skill level 8 in Bows
  6527 | D:4      | Reached skill level 5 in Fighting
  7127 | D:4      | Noticed Dowan
  7129 | D:4      | Noticed Duvessa
  7146 | D:4      | Killed Dowan
  7199 | D:4      | Killed Duvessa
  7199 | D:4      | Reached skill level 5 in Unarmed Combat
  7563 | D:4      | Reached XP level 8. HP: 69/69 MP: 8/8
  7632 | D:4      | Found a glowing silver altar of Zin.
  7732 | D:5      | Entered Level 5 of the Dungeon
  7809 | D:5      | Reached skill level 9 in Bows
  7859 | D:5      | Found a hide-covered altar of Uskayaw.
  8818 | D:5      | Found Hofud's General Store.
  8832 | D:5      | Bought 14 arrows for 36 gold pieces
  8832 | D:5      | Bought 22 arrows for 57 gold pieces
  8832 | D:5      | Bought 25 arrows for 65 gold pieces
  8905 | D:5      | Found an opulent altar of Gozag.
  8906 | D:5      | Found an iron altar of Okawaru.
  8910 | D:5      | Became a worshipper of Warmaster Okawaru
  9109 | D:5      | Found a basalt altar of Yredelemnul.
  9228 | D:6      | Noticed Blork the orc
  9342 | D:6      | Noticed Eustachio
  9487 | D:5      | You fall through a shaft for 2 floors!
  9611 | D:6      | Noticed Blork
  9611 | D:6      | Blork the orc changed into Blork the iguana
  9620 | D:6      | Killed Blork the iguana
  9936 | D:6      | Noticed Pikel
  9985 | D:6      | Killed Pikel
  9985 | D:6      | Reached * piety under Okawaru
  9985 | D:6      | Reached skill level 10 in Bows
 10096 | D:6      | Reached XP level 9. HP: 79/79 MP: 9/9
 10254 | D:6      | Killed Eustachio
 10715 | D:7      | Found a staircase to the Ecumenical Temple.
 10772 | D:7      | Noticed Prince Ribbit
 10846 | D:7      | Killed Prince Ribbit
 11326 | D:7      | Reached skill level 11 in Bows
 11634 | D:7      | Found a runed door.
 11638 | D:7      | Noticed Crazy Yiuf
 11647 | D:7      | Killed Crazy Yiuf
 11872 | D:8      | Noticed a two-headed ogre
 12295 | D:8      | Reached ** piety under Okawaru
 12446 | D:8      | Killed a two-headed ogre
 13061 | D:8      | Reached *** piety under Okawaru
 13061 | D:8      | Reached XP level 10. HP: 79/90 MP: 10/10
 13160 | D:8      | Reached skill level 12 in Bows
 13926 | D:9      | HP: 4/90 [warg (15)]
 14763 | D:9      | Found Vaawiveh's Antique Weapon Shop.
 14787 | D:9      | Found a staircase to the Lair.
 15306 | D:9      | Found Fyshudown's Assorted Antiques.
 15930 | D:9      | Found a bloodstained altar of Trog.
 15935 | D:9      | Found a deep blue altar of Sif Muna.
 15938 | D:9      | Found a glowing golden altar of the Shining One.
 16076 | Lair:1   | Entered Level 1 of the Lair of Beasts
 16366 | Lair:1   | Reached **** piety under Okawaru
 16476 | Lair:1   | Paralysed by a hornet for 3 turns
 16485 | Lair:1   | Paralysed by a hornet for 1 turns
 16487 | Lair:1   | Slain by a hornet

Skill      XL: |  1  2  3  4  5  6  7  8  9 10 |
---------------+-------------------------------+-----
Unarmed Combat | 1 2 3 5 6 8 9 |  9.1
Bows           | 6 7 8 10 11 12 | 12.7
Fighting       | 3 4 5 7 8 9 |  9.4
Dodging        | |  1.3
Stealth        | |  0.4

Action                   |  1- 3 |  4- 6 |  7- 9 | 10-12 || total
-------------------------+-------+-------+-------+-------++-------
Melee: Unarmed           |   171 |   332 |   358 |    10 ||   871
       Kick              |    34 |    58 |    66 |    38 ||   196
       Punch             |       |     1 |     9 |     4 ||    14
       Short sword       |       |       |       |    95 ||    95
 Fire: Shortbow          |     5 |    43 |   289 |   202 ||   539
Invok: Heroism           |       |       |       |     2 ||     2
Evoke: Wand              |       |       |     2 |       ||     2
  Use: Scroll            |       |       |     1 |     5 ||     6
       Potion            |       |       |       |     7 ||     7
 Stab: Sleeping          |       |       |     1 |       ||     1
  Eat: Chunk             |     2 |    10 |     6 |     6 ||    24
       Ration            |       |       |     4 |     1 ||     5
Armor: Leather armour    |    70 |    93 |    95 |    25 ||   283
Dodge: Dodged            |    95 |   139 |   153 |    53 ||   440
